 Dungeon Crawl Stone Soup version 0.28.0-1-gb440e238dd (webtiles) character file.

Game seed: 14559490122169550321

18 a3don the Stinger (level 2, -2/16 HPs)
             Began as a Tengu Venom Mage on Feb 21, 2022.
             Was a Follower of Trog.
             Slain by a gnoll (7 damage)
             ... on level 1 of the Dungeon.
             The game lasted 00:01:19 (1144 turns).

a3don the Stinger (Tengu Venom Mage)                Turns: 1144, Time: 00:01:20

Health: -2/16      AC:  8    Str:  8    XL:     2   Next: 70%
Magic:  6/6        EV:  3    Int: 15    God:    Trog [*.....]
Gold:   15         SH:  0    Dex: 14    Spells: 4/5 levels left

rFire   . . .      SeeInvis .   e - +2 hand axe (flame)
rCold   . . .      Faith    .   (no shield)
rNeg    . . .      Spirit   .   g - +0 chain mail
rPois   .          Reflect  .   (helmet restricted)
rElec   .          Harm     .   (no cloak)
rCorr   .          Rampage  .   (no gloves)
Will    .....                   (boots unavailable)
Stlth   ..........              (no amulet)
HPRegen 0.05/turn               (no ring)
MPRegen 0.10/turn               (no ring)

@: no status effects
A: beak, talons 3
a: Renounce Religion, Berserk


You were on level 1 of the Dungeon.
You worshipped Trog.
Trog was aware of your devotion.
You visited 1 branch of the dungeon, and saw 1 of its levels.

You collected 15 gold pieces.

Inventory:

Hand Weapons
 e - a +2 hand axe of flaming (weapon)
Missiles
 f - 4 javelins
Armour
 a - a +0 robe
 g - a +0 chain mail (worn)
Scrolls
 b - a scroll of enchant armour {unknown}
Potions
 c - a potion of heal wounds {unknown}
 d - a potion of lignification {unknown}


   Skills:
 + Level 0.5 Fighting
 * Level 0.0 Axes
 + Level 0.0 Armour
 - Level 2.7 Dodging
 - Level 2.5 Stealth
 - Level 2.0 Spellcasting
 - Level 0.8 Transmutations
 - Level 3.0 Poison Magic


You had 4 spell levels left.
You knew the following spells:

 Your Spells              Type           Power      Damage    Failure   Level
a - Sting                 Tmut/Pois      28%        1d4       100%        1

Your spell library contained the following spells:

 Spells                   Type           Power      Damage    Failure   Level
 Poisonous Vapours        Pois/Air       12%        N/A       100%        2
 Mephitic Cloud           Conj/Pois/Air  4%         N/A       100%        3
 Olgreb's Toxic Radiance  Pois           10%        N/A       100%        4


Dungeon Overview and Level Annotations

Branches:
Dungeon (1/15)

Altars:
Trog

Shops:
D:1 (


Innate Abilities, Weirdness & Mutations

You have a beak for a mouth.
You have claws for feet.


Message History

A rat comes into view.
You closely miss the hobgoblin. The hobgoblin hits you.
You closely miss the hobgoblin. You claw the hobgoblin.
You kill the hobgoblin!
Trog accepts your kill.
The helpless rat fails to defend itself.
You hit the rat. You burn the rat.
You kill the rat!
Trog accepts your kill.
No target in view!
Search for what [Enter for "jav", or ? for help]? chain You see here a +0 chain mail.
g - a +0 chain mail You start removing your armour.
You continue taking off your +0 robe. x4
You finish taking off your +0 robe.
You start putting on your armour.
You continue putting on your +0 chain mail. x5
You finish putting on your +0 chain mail.
No target in view!
There is a stone staircase leading down here.
A gnoll comes into view. It is wielding a +0 spear.
The gnoll shouts!
The gnoll hits you but does no damage. The gnoll completely misses you.
You hit the gnoll. You burn the gnoll. You peck the gnoll.
The gnoll is severely wounded.
The gnoll hits you with a +0 spear! The gnoll hits you with a +0 spear.
You are too injured to fight recklessly!
You are too injured to fight recklessly!
You are too injured to fight recklessly!
You barely miss the gnoll. You peck the gnoll, but do no damage.
The gnoll is severely wounded.
The gnoll hits you with a +0 spear.
You barely miss the gnoll. Your kick misses the gnoll.
The gnoll is severely wounded.
The gnoll hits you with a +0 spear.
You hit the gnoll. You burn the gnoll. You peck the gnoll.
The gnoll is almost dead.
The gnoll hits you with a +0 spear!
You die...

.#.## #+## #.## #.# #.#
#.# #.# ##.## #>#
##..?## #.## #.....# ##
...# #...# #.##
.#.#########.####...####
................@g......
########################


You could see a gnoll.

Vanquished Creatures
  A bat (D:1)
  4 endoplasms (D:1)
  2 goblins (D:1)
  4 hobgoblins (D:1)
  3 frilled lizards (D:1)
  2 rats (D:1)
16 creatures vanquished.

Notes
Turn   | Place    | Note
-------+----------+-------------------------------------------
     0 | D:1      | a3don the Tengu Venom Mage began the quest for the Orb.
     0 | D:1      | Reached XP level 1. HP: 10/10 MP: 4/4
   137 | D:1      | Found a faded altar of an unknown god.
   150 | D:1      | Prayed at the altar of an unknown god.
   150 | D:1      | Became a worshipper of Trog the Wrathful
   150 | D:1      | Reached * piety under Trog
   234 | D:1      | Found Bucewal's Weapon Boutique.
   421 | D:1      | Reached XP level 2. HP: 14/15 MP: 6/6
  1144 | D:1      | Slain by a gnoll

Illustrated notes

Levels and vault maps discovered:
D:1:      lightli_arrival_lavapool, layout_loops_corners,
          ebering_ecumenical_altar_hall, serial_shops, nicolae_shop_crystal,
          minmay_misc_feat_enclosed, minmay_quantized

Action                   || total
-------------------------++-------
Melee: Unarmed           ||    21
       Kick              ||     8
       Peck              ||     7
       Punch             ||     1
       Hand axe          ||    16
 Cast: Sting             ||     5
 Stab: Sleeping          ||     5
Armor: Robe              ||     5
       Chain mail        ||     1
Dodge: Dodged            ||    19
